AoeStats
← MIJO EM TI

Arena

510466438Analyzed
2v2 RM · 1d ago on Oct 1, 2026· 20m 44s· 4 players
Game mode
Random Map
Map size
Medium (4 player)
Population
200
Speed
Normal
Resources
Standard
Victory
Conquest
Starting age
Dark Age
Ending age
Imperial Age
RankedLock teamsTeams togetherTeam positionsShared explorationLock speedFull tech treeHidden civsTurbo modeCheats
Victory
Defeat
🇦🇷 Cumans · Argentina
915
+14
🇦🇷 Goths · Argentina
913
+15
🇺🇸 Varangians · United States
902
-15
🇨🇱 Bohemians · Chile
861
-14
MIJO EM TI
12:14 Feudal Age
17:13 Castle Age
15:35 Double-Bit Axe
15:56 Scale Mail Armor
16:06 Forging
18:09 Squires
✟ L¥N V ✟
1:13 Loom
11:40 Feudal Age
15:21 Castle Age
15:08 Loom
16:51 Horse Collar
17:19 Town Watch
jefe gorgojo
0:26 Loom
10:00 Feudal Age
9:39 Loom
9:49 Loom
10:33 Double-Bit Axe
13:19 Horse Collar
22:39 Castle Age
20:43 Stone Mining
20:44 Gold Mining
Cuakiecosa
5:37 Loom
10:01 Feudal Age
13:13 Man-at-Arms
16:15 Scale Mail Armor
16:58 Double-Bit Axe
18:31 Forging
Connection lost

Rejoining the realm…

Still unreachable

The connection could not be restored.

Session expired

The server has moved on; the page needs a fresh start.